 Dungeon Crawl Stone Soup version 0.29.1-2-gbd0b4ee654 (webtiles) character file.

Game seed: 14480609699726502044

2150 GorkyZ the Shield-Bearer (level 9, -17/55 HPs)
             Began as a Gargoyle Fighter on Nov 29, 2022.
             Was an Initiate of Gozag.
             Demolished by a two-headed ogre
             ... wielding a +0 giant club
              (19 damage)
             ... on level 6 of the Dungeon.
             The game lasted 00:15:31 (6072 turns).

GorkyZ the Shield-Bearer (Gargoyle Fighter)         Turns: 6072, Time: 00:15:33

Health: -17/55     AC: 15    Str: 23    XL:     9   Next: 31%
Magic:  9/9        EV: 10    Int:  8    God:    Gozag
Gold:   348        SH:  5    Dex: 11    Spells: 8/8 levels left

rFire   . . .      SeeInvis .   a - +1 war axe (flame)
rCold   . . .      Faith    .   c - +0 buckler
rNeg    + . .      Spirit   .   b - +0 scale mail
rPois   ∞          Reflect  .   i - +0 helmet
rElec   +          Harm     .   (no cloak)
rCorr   .          Rampage  .   (no gloves)
Will    .....                   (no boots)
Stlth   ..........              (no amulet)
HPRegen 0.18/turn               (no ring)
MPRegen 0.11/turn               (no ring)

@: no status effects
A: sickness immunity, AC +6, negative energy resistance 1, electricity
resistance, torment resistance 1, petrification resistance
a: Renounce Religion, Potion Petition, Call Merchant, Bribe Branch


You were on level 6 of the Dungeon.
You worshipped Gozag.
Gozag was aware of your devotion.
You visited 2 branches of the dungeon, and saw 7 of its levels.

You collected 465 gold pieces.
You paid 117 gold pieces to Gozag.

Inventory:

Hand Weapons
 a - a +1 war axe of flaming (weapon)
 r - a +0 antimagic spear
Missiles
 h - a boomerang (quivered)
Armour
 b - a +0 scale mail (worn)
 c - a +0 buckler (worn)
 i - a +0 helmet (worn)
Wands
 m - a wand of roots (7)
Scrolls
 k - a scroll of vulnerability
 p - a scroll of noise
 s - a scroll of amnesia
 t - a scroll of poison
Potions
 d - 2 potions of might
 e - a potion of invisibility
 f - 3 potions of curing
 g - a potion of brilliance
 l - 3 potions of heal wounds
 n - a potion of mutation
 o - a potion of lignification
 q - a potion of flight


   Skills:
 + Level 5.9 Fighting
 + Level 4.3 Axes
 + Level 3.8 Throwing
 + Level 6.0 Armour
 + Level 3.5 Dodging
 + Level 6.0 Shields
 + Level 3.9 Evocations


You had 8 spell levels left.
You didn't know any spells.
Your spell library contained the following spells:

 Spells                   Type           Power      Damage    Failure   Level
 Static Discharge         Conj/Air       0%         3-3/arc   89%         2
 Lightning Bolt           Conj/Air       0%         1d11      100%        5
 Maxwell's Capacitive Co  Air            0%         ∞         100%        8


Dungeon Overview and Level Annotations

Branches:
Dungeon (6/15)             Temple (1/1) D:5

Altars:
Ashenzari
Cheibriados
Dithmenos
Fedhas
Gozag
Makhleb
Nemelex Xobeh
Okawaru
Qazlal
Ru
Sif Muna
Trog
Uskayaw
Xom
Yredelemnul
Zin
The Shining One

Shops:
D:1 (


Innate Abilities, Weirdness & Mutations

You are immune to sickness and miasma.
Your stone body is resilient. (AC +6)
You are immune to poison.
You resist negative energy. (rN+)
You are resistant to electric shocks. (rElec)
You are resistant to unholy torment.
You are immune to petrification.


Message History

The orc is distracted by your dazzling golden aura.
The orc shouts!
You hit the two-headed ogre but do no damage.
The two-headed ogre is lightly wounded.
The two-headed ogre hits you with a +0 giant club!!
Ouch! That really hurt!
The two-headed ogre hits you with a +0 giant spiked club!
You hit the two-headed ogre but do no damage.
The two-headed ogre is lightly wounded.
The orc priest is no longer distracted by gold.
The two-headed ogre hits you with a +0 giant club!
* * * LOW HITPOINT WARNING * * *
The two-headed ogre completely misses you.
Unknown command.
You feel much better.
The two-headed ogre completely misses you.
The two-headed ogre barely misses you.
You barely miss the two-headed ogre.
The two-headed ogre is lightly wounded.
The orc is no longer distracted by gold.
The two-headed ogre closely misses you.
The two-headed ogre hits you with a +0 giant spiked club.
You completely miss the two-headed ogre.
The two-headed ogre is lightly wounded.
The two-headed ogre barely misses you.
The two-headed ogre hits you with a +0 giant spiked club!!
Ouch! That really hurt!
* * * LOW HITPOINT WARNING * * *
You feel much better.
You hit the two-headed ogre. You burn the two-headed ogre.
The two-headed ogre is lightly wounded.
The two-headed ogre hits you with a +0 giant club.
The two-headed ogre closely misses you.
You hit the two-headed ogre but do no damage.
The two-headed ogre is lightly wounded.
The two-headed ogre hits you with a +0 giant club!!
* * * LOW HITPOINT WARNING * * *
The two-headed ogre hits you with a +0 giant spiked club!!
You die...
Your body crumbles into a pile of gold.

#.#
#.....#
#># #.#
#.....#
#.# #.#
#.....#
#.# #.#
#.....#
#.# #.#
#.....#
#.#. #.#
#######
#.#. #.#
#.#.
#.######
#.#.
#..).@.#
#.#.###
######O#
#.#....
#o#
#.#....
#o#
#.#....
#.oo......
#.#....
#.....o.o.
#.#....
#.......o.
#.#....
+......o.o
#.#....
#.........
#.#.##+


You could see a two-headed ogre, an orc warrior, an orc priest and 2 orcs.

Vanquished Creatures
  Sigmund (D:5)
  2 black bears (D:5)
  2 ogres (D:4)
  2 phantoms (D:5)
  Blork the orc (D:5)
  3 necrophages (D:5)
  6 scorpions
  4 jellies
  A gnoll bouda (D:5)
  8 hounds
  2 orc priests (D:5)
  3 iguanas (D:5)
  3 orc wizards (D:4)
  Robin (D:3)
  9 gnolls (D:5)
  10 adders
  A white imp (D:5)
  2 worms
  4 dart slugs
  14 orcs
  6 bats
  6 endoplasms
  A giant cockroach (D:2)
  12 goblins
  6 hobgoblins
  4 jackals (D:1)
  10 kobolds
  A quokka (D:2)
  6 ball pythons
  4 frilled lizards
  5 rats
140 creatures vanquished.

Notes
Turn   | Place    | Note
-------+----------+-------------------------------------------
     0 | D:1      | GorkyZ the Gargoyle Fighter began the quest for the Orb.
     0 | D:1      | Reached XP level 1. HP: 14/14 MP: 1/1
    11 | D:1      | Found Beirry's Antique Weapon Emporium.
   205 | D:1      | Reached XP level 2. HP: 15/19 MP: 2/2
   543 | D:1      | Reached XP level 3. HP: 22/23 MP: 3/3
  1154 | D:2      | Reached skill level 1 in Throwing
  1165 | D:2      | Reached XP level 4. HP: 18/28 MP: 4/4
  1388 | D:2      | Reached skill level 1 in Dodging
  1388 | D:2      | Reached skill level 1 in Evocations
  1739 | D:3      | Noticed Robin
  1758 | D:3      | Killed Robin
  2070 | D:3      | Reached XP level 5. HP: 24/33 MP: 5/5
  2635 | D:3      | Found an iron altar of Okawaru.
  2735 | D:3      | Found a burning altar of Makhleb.
  2735 | D:3      | Found a snail-covered altar of Cheibriados.
  2743 | D:3      | Found a sacrificial altar of Ru.
  2745 | D:3      | Found a hide-covered altar of Uskayaw.
  2747 | D:3      | Found a faded altar of an unknown god.
  2927 | D:4      | Noticed an ogre
  2935 | D:4      | Killed an ogre
  2936 | D:4      | Reached XP level 6. HP: 25/38 MP: 6/6
  3733 | D:4      | Reached XP level 7. HP: 32/44 MP: 7/7
  3829 | D:4      | Found a glowing silver altar of Zin.
  3829 | D:4      | Found a blossoming altar of Fedhas.
  4004 | D:5      | Entered Level 5 of the Dungeon
  4137 | D:5      | Noticed Sigmund
  4146 | D:5      | Killed Sigmund
  4411 | D:5      | Reached XP level 8. HP: 43/48 MP: 8/8
  4447 | D:5      | Reached skill level 5 in Shields
  4462 | D:5      | Found a shimmering altar of Xom.
  4728 | D:5      | Reached skill level 5 in Fighting
  4728 | D:5      | Reached skill level 5 in Armour
  4736 | D:5      | Noticed Blork the orc
  4750 | D:5      | Killed Blork the orc
  5255 | D:5      | Reached XP level 9. HP: 50/54 MP: 9/9
  5703 | D:5      | Found a staircase to the Ecumenical Temple.
  5718 | Temple   | Entered the Ecumenical Temple
  5781 | Temple   | Became a worshipper of Gozag Ym Sagoz the Greedy
  6057 | D:6      | Noticed a two-headed ogre
  6066 | D:6      | HP: 1/55 [two-headed ogre/+0 giant club (16)]
  6072 | D:6      | HP: 2/55 [two-headed ogre/+0 giant club (19)]
  6072 | D:6      | Demolished by a two-headed ogre

Illustrated notes

Levels and vault maps discovered:
D:1:      erik_arrival_orb_chamber, layout_basic, serial_shops, shop_fountains
D:2:      layout_rooms, st_stairs_1
D:3:      layout_loops_ring, lemuel_coloured_pillars_altar,
          chequers_temple_overflow_minitemple, uniq_robin
D:4:      layout_basic, jmf_multi_god_temple, saegor_snake_ambush
D:5:      minmay_bubble_buster, layout_basic,
          mainiacjoe_overflow_small_starburst, minmay_temple_entry_offerings,
          uniq_blork_the_orc, uniq_sigmund
D:6:      layout_basic, uniq_edmund
Temple:   jpeg_temple_island

Skill      XL: |  1  2  3  4  5  6  7  8  9 |
---------------+----------------------------+-----
Axes           | 2 3 4 |  4.3
Throwing       | 1 2 3 |  3.8
Dodging        | 1 2 3 |  3.5
Evocations     | 1 2 3 |  3.9
Fighting       | 4 5 |  5.9
Armour         | 4 5 6 |  6.0
Shields        | 4 5 6 |  6.0

Action                   |  1- 3 |  4- 6 |  7- 9 || total
-------------------------+-------+-------+-------++-------
Melee: War axe           |    82 |   140 |   220 ||   442
Throw: Boomerang         |    16 |     7 |     6 ||    29
  Use: Scroll            |       |    11 |     5 ||    16
       Potion            |       |       |     2 ||     2
Armor: Scale mail        |    57 |   105 |   140 ||   302
Dodge: Dodged            |    50 |    64 |   143 ||   257
Block: Buckler           |    30 |    40 |    60 ||   130
